Map: Ulrena

Players

Jarppi

  • Race: Terran Terran
  • League: Master

Erik - Winner!

  • Race: Zerg Zerg
  • League: Grandmaster

Event: Copa America 2016 Season 1

VOD

Have the link to the VOD?

Description

Time

  • Played on: Feb. 16, 2016, 6:25 p.m.
  • Length: 10:56

All games in this series

Show
View Real Time Build Order
Export as new Build Order

Jarppi Terran 

Build Orders: MMM Bio 

Get SALT Encoding   

  12  0:02  SCV  
  14  0:14  SCV  
  14  0:18  Supply Depot  
  14  0:26  SCV  
  15  0:39  SCV  
  15  0:41  Barracks  
  16  0:45  Refinery  
  16  0:51  SCV  
  17  1:03  Barracks  
  17  1:05  SCV  
  18  1:17  SCV  
  19  1:29  Orbital Command  
  19  1:30  Reaper  
  20  1:41  Supply Depot  
  20  1:50  Reaper  
  20  1:51  Bunker  
  21  1:56  SCV  
  22  2:06  Reaper  
  23  2:08  SCV  
  24  2:24  SCV  
  25  2:31  Command Center  
  25  2:36  SCV  
  26  2:43  Barracks Reactor, Bunker  
  26  2:48  SCV  
  27  2:58  Marine  
  28  3:00  Refinery, SCV  
  28  3:02  Factory  
  29  3:06  Supply Depot  
  29  3:12  SCV  
  29  3:20  Marine x2  
  29  3:24  Bunker  
  31  3:28  SCV  
  31  3:32  Marine  
  33  3:35  Bunker  
  33  3:38  Marine  
  33  3:41  Bunker  
  33  3:47  Factory Tech Lab  
  33  3:49  Orbital Command  
  33  3:51  SCV  
  33  3:53  Marine  
  35  3:57  Marine  
  35  3:59  Marine  
  37  4:06  Siege Tank  
  40  4:17  Starport  
  40  4:18  Orbital Command  
  40  4:20  Marine x2  
  42  4:32  Supply Depot  
  42  4:42  Siege Tank  
  45  4:45  Marine  
  46  4:53  Marine  
  46  4:54  Medivac  
  49  5:11  Marine  
  49  5:12  SCV x2  
  52  5:19  Barracks Tech Lab  
  52  5:24  SCV, Orbital Command  
  53  5:35  Starport Reactor  
  54  5:37  Barracks  
  54  5:38  Barracks  
  54  5:45  Supply Depot  
  54  5:46  Supply Depot  
  54  5:48  Stimpack  
  53  5:54  Barracks Reactor  
  53  5:58  SCV  
  54  6:04  Engineering Bay  
  54  6:05  Engineering Bay  
  54  6:07  Siege Tank, SCV  
  58  6:11  SCV  
  58  6:13  Supply Depot, Marine  
  60  6:20  SCV  
  61  6:28  SCV  
  61  6:32  Terran Infantry Weapons Level 1  
  62  6:33  Terran Infantry Armor Level 1  
  62  6:34  Command Center  
  62  6:37  Marine  
  62  6:38  Marine x3  
  66  6:42  SCV x2  
  66  6:46  Refinery  
  68  6:48  Marine  
  72  6:56  SCV x2  
  72  7:00  Supply Depot, Marine x2  
  76  7:02  Supply Depot  
  76  7:05  Marine x2  
  78  7:09  Marine  
  78  7:10  Medivac  
  78  7:17  Supply Depot  
  78  7:18  Supply Depot  
  78  7:22  SCV x2, Medivac, Marine  
  83  7:30  Marine x4  
  83  7:31  Siege Tank  
  90  7:39  Marine  
  91  7:46  SCV x2  
  91  7:48  Marine x3  
  95  7:54  Combat Shields, Marine  
  95  7:57  Marine  
  91  8:00  SCV x2  
  89  8:05  Marine x2  
  89  8:06  Marine  
  89  8:10  Orbital Command  
  89  8:12  Marine  
  93  8:19  SCV x2  
  95  8:22  Marine  
  95  8:23  Marine x3  
  95  8:26  Medivac x2  
  103  8:29  Marine  
  104  8:35  Armory, Missile Turret  
  104  8:40  Marine  
  105  8:41  Marine x2  
  105  8:43  SCV  
  105  8:44  SCV x2  
  109  8:54  Marine x2  
  96  8:56  SCV x2  
  96  8:58  Marine  
  96  8:59  Marine  
  96  9:01  Marine  
  98  9:04  Siege Tank  
  100  9:12  Marine x2  
  100  9:15  SCV x2  
  104  9:17  Refinery  
  104  9:20  Marine x3  
  104  9:22  Orbital Command  
  107  9:30  Marine  
  107  9:31  Marine  
  109  9:38  Marine x3  
  111  9:48  Marine  
  111  9:49  Marine  
  111  9:52  Siege Tank  
  110  9:56  Marine x3  
  112  10:05  Marine  
  112  10:06  Marine  
  96  10:13  Marine x2  
  96  10:14  SCV x2, Marine  
  81  10:23  Marine  
  81  10:24  Marine  
  58  10:31  Marine x3  
Show
View Real Time Build Order
Export as new Build Order

Erik Zerg - Winner!

Build Orders: Pool First 

Get SALT Encoding   

  12  0:01  Drone  
  13  0:14  Overlord  
  13  0:18  Drone  
  14  0:32  Drone  
  14  0:33  Drone  
  16  0:37  Drone  
  16  0:42  Extractor  
  16  0:47  Spawning Pool  
  15  0:52  Drone  
  16  0:57  Drone  
  17  1:18  Hatchery  
  16  1:22  Drone  
  17  1:34  Queen  
  17  1:37  Drone  
  20  1:41  Drone  
  21  1:48  Overlord  
  21  1:56  Zergling x2  
  22  2:07  Drone  
  23  2:11  Roach Warren  
  23  2:15  Queen  
  24  2:27  Overlord  
  24  2:54  Roach  
  24  2:55  Roach x5  
  35  2:59  Roach  
  35  3:02  Roach  
  39  3:12  Zergling x6  
  43  3:20  Zergling x2  
  41  3:36  Ravager  
  41  3:37  Ravager  
  41  3:38  Zergling x2  
  41  3:40  Overlord x2  
  43  3:50  Overlord  
  43  4:01  Ravager  
  43  4:04  Drone x6  
  49  4:17  Drone x2  
  49  4:21  Drone x2  
  53  4:24  Drone  
  54  4:34  Drone x2  
  54  4:36  Ravager  
  57  4:51  Drone x3  
  57  4:52  Drone  
  61  4:53  Lair  
  61  4:56  Drone x2  
  61  4:57  Extractor  
  61  4:58  Extractor  
  61  5:00  Overlord  
  61  5:03  Drone x2  
  61  5:04  Drone  
  64  5:09  Overlord, Extractor  
  63  5:16  Overlord  
  63  5:26  Drone x4  
  67  5:31  Overlord  
  67  5:40  Hatchery  
  67  5:42  Drone x2  
  65  5:56  Spire  
  64  5:57  Queen x2  
  64  6:00  Drone  
  64  6:01  Overlord  
  69  6:04  Drone x2  
  69  6:05  Drone  
  72  6:11  Evolution Chamber  
  72  6:13  Evolution Chamber  
  72  6:16  Overlord  
  70  6:22  Ravager x2  
  70  6:23  Ravager  
  72  6:26  Roach x2  
  72  6:27  Roach x2  
  72  6:28  Roach  
  82  6:50  Drone x7  
  89  6:55  Overlord  
  89  7:07  Mutalisk  
  89  7:08  Mutalisk x5  
  93  7:13  Queen  
  103  7:17  Glial Reconstitution  
  103  7:21  Drone x4  
  103  7:22  Drone  
  108  7:23  Spore Crawler  
  108  7:24  Overlord  
  111  7:30  Roach x2  
  111  7:31  Roach  
  113  7:42  Roach x4  
  113  7:43  Roach x2  
  123  7:47  Zerg Missile Weapons Level 1  
  123  8:09  Zerg Ground Armor Level 1  
  123  8:10  Drone x11  
  134  8:14  Extractor x2  
  132  8:23  Drone x2  
  132  8:24  Roach  
  132  8:25  Roach  
  138  8:33  Infestation Pit  
  137  8:36  Overlord  
  137  8:37  Overlord x2  
  137  8:44  Hatchery  
  136  8:53  Roach  
  136  8:54  Roach x9  
  134  9:03  Overlord  
  134  9:04  Mutalisk x4  
  142  9:15  Hive  
  142  9:21  Roach  
  142  9:22  Roach x6  
  156  9:32  Pneumatized Carapace  
  156  9:34  Overlord  
  156  9:41  Extractor  
  156  9:42  Roach x4  
  163  9:45  Extractor  
  160  9:56  Roach x9  
  166  10:13  Roach x7  
Tags
 
Composition
MMM Bio
Matchup
TvZ
Opening
Pool First
Player
Erik
Replay Pack
LatAm
Add a new tag
Caveats
  • Supply blocks, unpowered buildings, or Contaminate may cause inaccurate times.
  • Supply counts are checked every 10 seconds.